Canucks vs Sabres

Created - January 23, 2016 at 10:43

Goals
1 2 3 T
Canucks 2 1 2 5
Sabres 1 2 0 3
Shots
1 2 3 T
Canucks 6 13 9 28
Sabres 8 16 9 33

1st period

1. Canucks , Claude Giroux 21 (Erik Karlsson, Ryan Johansen) at 1:51 (PP)
2. Canucks , Jonas Brodin 2 (Evgeny Kuznetsov, Andrei Markov) at 4:54
3. Sabres , Brayden Schenn 13 (Francois Beauchemin, Braydon Coburn) at 17:44

Penalties :
Francois Beauchemin (BUF) for High sticking (Minor) at 0:13, Oliver Ekman-Larsson (BUF) for Hooking (Minor) at 11:16, Simon Despres (VAN) for Slashing (Minor) at 13:45

2nd period

4. Sabres , Kyle Palmieri 8 (Johnny Oduya, Lars Eller) at 1:32
5. Canucks , Ryan Strome 9 (Andrei Markov, Chris Kreider) at 7:32
6. Sabres , Gustav Nyquist 15 (Kyle Turris, Rasmus Ristolainen) at 14:43

Penalties :
Braydon Coburn (BUF) for Roughing (Minor) at 12:08

3rd period

7. Canucks , Ryan Johansen 14 (Logan Couture, Simon Despres) at 1:33
8. Canucks , Marcus Kruger 6 (Ryan Johansen, Andrei Markov) at 19:22 (Empty Net)

Penalties :
Jacob Josefson (BUF) for Interference (Minor) at 2:55, Simon Despres (VAN) for Interference (Minor) at 6:29

Goalie Stats

Henrik Lundqvist (VAN), 30 saves from 33 shots - (0.909), W, 22-15-4, 60:00 minutes
Ondrej Pavelec (BUF), 23 saves from 27 shots - (0.852), L, 24-11-3, 59:52 minutes

Players Stats for Canucks

Player Name              G  A  P  +/- PIM S  H  SB GA TA FO     MP     PP MP  PK MP  
------------------------------------------------------------------------------------
Adam Henrique            0  0  0  -1  0   0  2  0  0  0  1/1    20:45   3:03   1:46 
Alex Pietrangelo         0  0  0  -2  0   1  1  1  0  0  0/0    23:27   4:15   2:01 
Andrei Markov            0  3  3   2  0   4  0  3  0  0  0/0    22:51   3:20   2:37 
Brent Burns              0  0  0   1  0   0  2  1  0  0  0/0    19:58   4:15   1:21 
Chris Kreider            0  1  1   0  0   1  0  0  0  0  1/1    12:03   0:00   0:00 
Claude Giroux            1  0  1  -1  0   4  2  1  0  0  11/23  20:28   4:32   0:00 
Erik Karlsson            0  1  1  -2  0   0  1  0  0  0  0/0    21:00   3:08   0:00 
Evgeny Kuznetsov         0  1  1   1  0   3  1  0  0  0  3/9     8:35   3:03   0:00 
Jimmy Hayes              0  0  0   0  0   2  2  0  0  0  2/2    14:33   0:00   0:00 
Jonas Brodin             1  0  1   2  0   2  0  0  0  0  0/0    19:03   0:12   1:57 
Logan Couture            0  1  1   0  0   2  0  0  0  0  1/3    20:48   4:32   1:43 
Marcus Kruger            1  0  1   1  0   3  1  0  0  0  10/22  14:38   0:00   2:12 
Matt Cooke               0  0  0   2  0   0  1  0  0  0  0/0     8:10   0:00   2:15 
Phil Kessel              0  0  0  -1  0   2  0  0  0  0  2/4    18:59   3:03   0:00 
Reilly Smith             0  0  0   1  0   0  1  0  0  0  0/0     5:32   0:00   0:00 
Ryan Johansen            1  2  3   1  0   2  0  0  0  0  6/19   19:28   4:32   0:00 
Ryan Strome              1  0  1   0  0   2  0  0  0  0  1/1    12:03   0:00   0:00 
Simon Despres            0  1  1   1  4   0  3  0  0  0  0/0    13:39   0:00   0:00 

Players Stats for Sabres

Player Name              G  A  P  +/- PIM S  H  SB GA TA FO     MP     PP MP  PK MP  
------------------------------------------------------------------------------------
Brad Boyes               0  0  0  -1  0   1  0  0  0  0  0/1     7:20   0:00   2:25 
Brayden Schenn           1  0  1   0  0   4  1  0  0  0  0/0    18:38   0:00   0:00 
Braydon Coburn           0  1  1   1  2   1  2  3  0  0  0/0    22:29   2:15   2:56 
Daniel Winnik            0  0  0   1  0   2  2  0  0  0  6/8    18:13   0:00   4:52 
Francois Beauchemin      0  1  1   0  2   2  3  0  0  0  0/0    22:32   1:43   2:49 
Grant Clitsome           0  0  0   0  0   1  1  0  0  0  0/0    11:37   0:00   0:00 
Gustav Nyquist           1  0  1  -1  0   4  0  1  0  0  0/0    13:33   2:00   0:00 
Jacob Josefson           0  0  0  -1  2   0  0  0  0  0  5/8     4:54   0:00   0:00 
Johnny Oduya             0  1  1  -1  0   0  3  1  0  0  0/0    22:20   0:00   3:31 
Kris Versteeg            0  0  0  -1  0   0  0  0  0  0  0/0    10:05   0:00   5:10 
Kyle Palmieri            1  0  1   1  0   6  4  0  0  0  0/0    15:19   1:58   0:00 
Kyle Turris              0  1  1  -1  0   3  1  0  0  0  4/11   13:51   2:00   0:18 
Lars Eller               0  1  1   1  0   0  0  0  0  0  14/22  13:21   0:00   0:00 
Nazem Kadri              0  0  0   0  0   4  2  1  0  0  16/33  23:01   1:58   2:25 
Nino Niederreiter        0  0  0   0  0   3  2  0  0  0  1/1    20:36   1:58   0:00 
Oliver Ekman-Larsson     0  0  0  -1  2   1  2  0  0  0  0/0    24:14   1:43   3:13 
Rasmus Ristolainen       0  1  1  -1  0   1  2  0  0  0  0/0    16:45   2:15   2:41 
Thomas Vanek             0  0  0  -1  0   0  0  0  0  0  1/1    13:33   2:00   0:00 

3 Stars

1 - Ryan Johansen (VAN)
2 - Andrei Markov (VAN)
3 - Kyle Palmieri (BUF)

Power Play

Canucks - 1 on 4 Attempt(s) - 25.00%
Sabres - 0 on 2 Attempt(s) - 0.00%

Penalty Kill

Canucks - 2 on 2 Attempt(s) - 100.00% - Score 0 goal in Penalty Kill
Sabres - 3 on 4 Attempt(s) - 75.00% - Score 0 goal in Penalty Kill

Team Stat

Canucks - Hits : 17 - Faceoff Wins : 38 - Blocked Shots : 6 - Penalty Minutes : 4
Sabres - Hits : 25 - Faceoff Wins : 47 - Blocked Shots : 6 - Penalty Minutes : 8

Official

Referees : Brad Watson and Kyle Rehman
Linesman : Jay Sharrers and David Brisebois

Game Notes

Marcus Kruger has scored in a empty net!

Finance

Level 1 -- Attendance: 6101 (93.86%) -- Ticket Income $579,595
Level 2 -- Attendance: 4462 (89.24%) -- Ticket Income $334,650
Level 3 -- Attendance: 3487 (99.63%) -- Ticket Income $174,350
Level 4 -- Attendance: 2565 (83.55%) -- Ticket Income $76,950
Luxury Box -- Attendance: 1000 (100.00%) -- Ticket Income $205,000
Game was played at the First Niagara Center.
Total Attendance: 17615 (92.37%)
Total Ticket Income: $1,370,545
Other Income: $205,582
Total Income: $1,576,127

% Time on Ice - Canucks

Lines # - Real PCT - Wanted PCT - Time Play
Normal Forward
1 - 33% - 33% - 15:56
2 - 30% - 30% - 14:33
3 - 25% - 25% - 12:03
4 - 12% - 12% - 5:32
Normal Defense
1 - 36% - 35% - 17:11
2 - 34% - 32% - 16:31
3 - 28% - 27% - 13:41
4 - 1% - 6% - 0:41
PP Forward
1 - 60% - 57% - 4:32
2 - 40% - 43% - 3:03
PP Defense
1 - 44% - 53% - 3:20
2 - 56% - 47% - 4:15
PK Forward
1 - 57% - 55% - 2:15
2 - 43% - 45% - 1:43
PK Defense
1 - 51% - 50% - 2:01
2 - 49% - 50% - 1:57
PK3 Forward
1 - 0% - 52%
2 - 0% - 48%
PK3 Defense
1 - 0% - 51%
2 - 0% - 49%
44 Forward
1 - 0% - 55%
2 - 0% - 45%
44 Defense
1 - 0% - 52%
2 - 0% - 48%
Last Minute Offensive  - 0:00
Last Minute Defensive  - 0:23
Total
Forward - 60:00
Defense - 60:00

% Time on Ice - Sabres

Lines # - Real PCT - Wanted PCT - Time Play
Normal Forward
1 - 39% - 40% - 18:38
2 - 28% - 30% - 13:21
3 - 24% - 20% - 11:21
4 - 10% - 10% - 4:55
Normal Defense
1 - 39% - 38% - 18:49
2 - 36% - 34% - 17:19
3 - 24% - 24% - 11:37
4 - 1% - 4% - 0:30
PP Forward
1 - 50% - 60% - 2:00
2 - 50% - 40% - 1:58
PP Defense
1 - 43% - 60% - 1:43
2 - 57% - 40% - 2:15
PK Forward
1 - 68% - 60% - 5:10
2 - 32% - 40% - 2:25
PK Defense
1 - 44% - 60% - 3:22
2 - 56% - 40% - 4:13
PK3 Forward
1 - 0% - 60%
2 - 0% - 40%
PK3 Defense
1 - 0% - 60%
2 - 0% - 40%
44 Forward
1 - 0% - 60%
2 - 0% - 40%
44 Defense
1 - 0% - 60%
2 - 0% - 40%
Last Minute Offensive  - 0:12
Last Minute Defensive  - 0:00
Total
Forward - 60:00
Defense - 60:00

Play by Play

1st period


0:01 of 1st period - Adam Henrique wins face-off versus Nazem Kadri in neutral zone.
0:03 of 1st period - Off-side.
0:04 of 1st period - Jimmy Hayes wins face-off versus Lars Eller in neutral zone.
0:13 of 1st period - Minor Penalty to Francois Beauchemin for High sticking.
0:14 of 1st period - Daniel Winnik wins face-off versus Claude Giroux in Sabres zone.
0:45 of 1st period - Shot by Ryan Johansen.
0:45 of 1st period - Shot Misses the Net.
0:47 of 1st period - Shot by Andrei Markov.
0:47 of 1st period - Stopped by Ondrej Pavelec without a rebound.
0:48 of 1st period - Daniel Winnik wins face-off versus Evgeny Kuznetsov in Sabres zone.
0:48 of 1st period - Daniel Winnik is hit by Adam Henrique.
0:58 of 1st period - Braydon Coburn is hit by Evgeny Kuznetsov and loses puck.
1:29 of 1st period - Shot by Brent Burns.
1:29 of 1st period - Shot Blocked by Braydon Coburn.
1:31 of 1st period - Shot by Phil Kessel.
1:31 of 1st period - Shot Misses the Net.
1:33 of 1st period - Shot by Alex Pietrangelo.
1:33 of 1st period - Shot Misses the Net.
1:51 of 1st period - Shot by Claude Giroux.
1:51 of 1st period - Goal by Claude Giroux - Canucks : 1 - Sabres : 0.
1:52 of 1st period - Marcus Kruger wins face-off versus Nazem Kadri in neutral zone.
2:25 of 1st period - Shot by Ryan Strome.
2:25 of 1st period - Shot Misses the Net.
2:27 of 1st period - Shot by Jonas Brodin.
2:27 of 1st period - Stopped by Ondrej Pavelec with a rebound.
2:35 of 1st period - Shot by Ryan Strome.
2:35 of 1st period - Stopped by Ondrej Pavelec without a rebound.
2:36 of 1st period - Kyle Turris wins face-off versus Ryan Johansen in Sabres zone.
3:09 of 1st period - Shot by Ryan Johansen.
3:09 of 1st period - Stopped by Ondrej Pavelec without a rebound.
3:10 of 1st period - Claude Giroux wins face-off versus Lars Eller in Sabres zone.
3:11 of 1st period - Shot by Phil Kessel.
3:11 of 1st period - Shot Blocked by Braydon Coburn.
3:19 of 1st period - Shot by Kyle Palmieri.
3:19 of 1st period - Stopped by Henrik Lundqvist without a rebound.
3:20 of 1st period - Nazem Kadri wins face-off versus Claude Giroux in Canucks zone.
3:21 of 1st period - Shot by Brayden Schenn.
3:21 of 1st period - Stopped by Henrik Lundqvist without a rebound.
3:22 of 1st period - Lars Eller wins face-off versus Claude Giroux in Canucks zone.
4:04 of 1st period - Shot by Kyle Palmieri.
4:04 of 1st period - Shot Misses the Net.
4:06 of 1st period - Shot by Francois Beauchemin.
4:06 of 1st period - Shot Misses the Net.
4:32 of 1st period - Shot by Brayden Schenn.
4:32 of 1st period - Stopped by Henrik Lundqvist without a rebound.
4:33 of 1st period - Jacob Josefson wins face-off versus Evgeny Kuznetsov in Canucks zone.
4:52 of 1st period - Shot by Evgeny Kuznetsov.
4:52 of 1st period - Shot Misses the Net.
4:54 of 1st period - Shot by Jonas Brodin.
4:54 of 1st period - Goal by Jonas Brodin - Canucks : 2 - Sabres : 0.
4:55 of 1st period - Ryan Johansen wins face-off versus Nazem Kadri in neutral zone.
4:55 of 1st period - Alex Pietrangelo is hit by Nazem Kadri and loses puck.
5:02 of 1st period - Icing by Johnny Oduya.
5:03 of 1st period - Marcus Kruger wins face-off versus Nazem Kadri in Sabres zone.
5:03 of 1st period - Marcus Kruger is hit by Johnny Oduya.
5:46 of 1st period - Icing by Chris Kreider.
5:47 of 1st period - Kyle Turris wins face-off versus Marcus Kruger in Canucks zone.
5:47 of 1st period - Gustav Nyquist is hit by Alex Pietrangelo.
7:34 of 1st period - Shot by Kyle Palmieri.
7:34 of 1st period - Shot Misses the Net.
7:54 of 1st period - Icing by Andrei Markov.
7:55 of 1st period - Nazem Kadri wins face-off versus Ryan Johansen in Canucks zone.
10:04 of 1st period - Shot by Kyle Palmieri.
10:04 of 1st period - Shot Misses the Net.
10:09 of 1st period - Icing by Ryan Strome.
10:10 of 1st period - Marcus Kruger wins face-off versus Kyle Turris in Canucks zone.
10:30 of 1st period - Shot by Marcus Kruger.
10:30 of 1st period - Shot Misses the Net.
10:37 of 1st period - Ryan Strome is hit by Johnny Oduya and loses puck.
10:52 of 1st period - Oliver Ekman-Larsson is hit by Claude Giroux and loses puck.
11:16 of 1st period - Minor Penalty to Oliver Ekman-Larsson for Hooking.
11:17 of 1st period - Daniel Winnik wins face-off versus Ryan Johansen in Sabres zone.
11:53 of 1st period - Icing by Erik Karlsson.
11:54 of 1st period - Daniel Winnik wins face-off versus Ryan Johansen in Canucks zone.
12:33 of 1st period - Shot by Alex Pietrangelo.
12:33 of 1st period - Shot Blocked by Braydon Coburn.
13:21 of 1st period - Marcus Kruger is hit by Kyle Turris and loses puck.
13:44 of 1st period - Shot by Thomas Vanek.
13:44 of 1st period - Shot Misses the Net.
13:45 of 1st period - Minor Penalty to Simon Despres for Slashing.
13:46 of 1st period - Nazem Kadri wins face-off versus Marcus Kruger in Canucks zone.
13:47 of 1st period - Shot by Kyle Palmieri.
13:47 of 1st period - Shot Misses the Net.
13:49 of 1st period - Shot by Braydon Coburn.
13:49 of 1st period - Shot Blocked by Andrei Markov.
14:21 of 1st period - Shot by Nazem Kadri.
14:21 of 1st period - Stopped by Henrik Lundqvist without a rebound.
14:22 of 1st period - Kyle Turris wins face-off versus Logan Couture in Canucks zone.
14:37 of 1st period - Shot by Gustav Nyquist.
14:37 of 1st period - Stopped by Henrik Lundqvist without a rebound.
14:38 of 1st period - Marcus Kruger wins face-off versus Kyle Turris in Canucks zone.
15:05 of 1st period - Shot by Oliver Ekman-Larsson.
15:05 of 1st period - Shot Blocked by Brent Burns.
15:07 of 1st period - Shot by Francois Beauchemin.
15:07 of 1st period - Shot Misses the Net.
15:09 of 1st period - Shot by Kyle Turris.
15:09 of 1st period - Shot Misses the Net.
15:11 of 1st period - Shot by Francois Beauchemin.
15:11 of 1st period - Stopped by Henrik Lundqvist with a rebound.
15:13 of 1st period - Shot by Francois Beauchemin.
15:13 of 1st period - Stopped by Henrik Lundqvist without a rebound.
15:14 of 1st period - Logan Couture wins face-off versus Nazem Kadri in Canucks zone.
17:30 of 1st period - Off-side.
17:31 of 1st period - Nazem Kadri wins face-off versus Ryan Johansen in neutral zone.
17:44 of 1st period - Shot by Brayden Schenn.
17:44 of 1st period - Goal by Brayden Schenn - Canucks : 2 - Sabres : 1.
17:45 of 1st period - Marcus Kruger wins face-off versus Lars Eller in neutral zone.
17:49 of 1st period - Erik Karlsson is hit by Kyle Palmieri and loses puck.
17:53 of 1st period - Off-side.
17:54 of 1st period - Nazem Kadri wins face-off versus Logan Couture in neutral zone.
18:12 of 1st period - Ryan Johansen is hit by Oliver Ekman-Larsson and loses puck.
18:48 of 1st period - Simon Despres is hit by Kyle Palmieri.
18:56 of 1st period - Ryan Johansen is hit by Braydon Coburn and loses puck.
Goals for this period are 2 for Canucks vs 1 for Sabres.
Shots for this period are 6 for Canucks vs 8 for Sabres.

2nd period


0:01 of 2nd period - Nino Niederreiter wins face-off versus Claude Giroux in neutral zone.
0:13 of 2nd period - Icing by Francois Beauchemin.
0:14 of 2nd period - Nazem Kadri wins face-off versus Ryan Johansen in Sabres zone.
0:29 of 2nd period - Shot by Brayden Schenn.
0:29 of 2nd period - Shot Misses the Net.
0:33 of 2nd period - Shot by Nazem Kadri.
0:33 of 2nd period - Stopped by Henrik Lundqvist without a rebound.
0:34 of 2nd period - Phil Kessel wins face-off versus Lars Eller in Canucks zone.
0:51 of 2nd period - Alex Pietrangelo is hit by Daniel Winnik and loses puck.
0:56 of 2nd period - Shot by Kyle Palmieri.
0:56 of 2nd period - Shot Misses the Net.
0:58 of 2nd period - Shot by Daniel Winnik.
0:58 of 2nd period - Stopped by Henrik Lundqvist without a rebound.
0:59 of 2nd period - Ryan Johansen wins face-off versus Nazem Kadri in Canucks zone.
1:22 of 2nd period - Shot by Jimmy Hayes.
1:22 of 2nd period - Stopped by Ondrej Pavelec without a rebound.
1:23 of 2nd period - Lars Eller wins face-off versus Claude Giroux in Sabres zone.
1:32 of 2nd period - Shot by Kyle Palmieri.
1:32 of 2nd period - Goal by Kyle Palmieri - Canucks : 2 - Sabres : 2.
1:33 of 2nd period - Claude Giroux wins face-off versus Nazem Kadri in neutral zone.
1:33 of 2nd period - Claude Giroux is hit by Nino Niederreiter.
1:36 of 2nd period - Alex Pietrangelo is hit by Oliver Ekman-Larsson and loses puck.
2:11 of 2nd period - Shot by Nino Niederreiter.
2:11 of 2nd period - Stopped by Henrik Lundqvist without a rebound.
2:12 of 2nd period - Ryan Strome wins face-off versus Daniel Winnik in Canucks zone.
2:14 of 2nd period - Andrei Markov is hit by Kyle Palmieri and loses puck.
2:20 of 2nd period - Icing by Jonas Brodin.
2:21 of 2nd period - Marcus Kruger wins face-off versus Lars Eller in Canucks zone.
2:42 of 2nd period - Shot by Lars Eller.
2:42 of 2nd period - Deflect By Kyle Palmieri.
2:42 of 2nd period - Stopped by Henrik Lundqvist with a rebound.
4:05 of 2nd period - Jimmy Hayes is hit by Brayden Schenn.
4:29 of 2nd period - Shot by Logan Couture.
4:29 of 2nd period - Shot Misses the Net.
5:21 of 2nd period - Reilly Smith is hit by Rasmus Ristolainen and loses puck.
5:30 of 2nd period - Shot by Evgeny Kuznetsov.
5:30 of 2nd period - Stopped by Ondrej Pavelec without a rebound.
5:31 of 2nd period - Claude Giroux wins face-off versus Lars Eller in Sabres zone.
5:31 of 2nd period - Claude Giroux is hit by Francois Beauchemin.
5:48 of 2nd period - Alex Pietrangelo is hit by Francois Beauchemin and loses puck.
7:07 of 2nd period - Shot by Brayden Schenn.
7:07 of 2nd period - Stopped by Henrik Lundqvist without a rebound.
7:08 of 2nd period - Jacob Josefson wins face-off versus Marcus Kruger in Canucks zone.
7:22 of 2nd period - Icing by Andrei Markov.
7:23 of 2nd period - Chris Kreider wins face-off versus Kyle Turris in Canucks zone.
7:32 of 2nd period - Shot by Ryan Strome.
7:32 of 2nd period - Goal by Ryan Strome - Canucks : 3 - Sabres : 2.
7:33 of 2nd period - Claude Giroux wins face-off versus Nazem Kadri in neutral zone.
8:14 of 2nd period - Shot by Claude Giroux.
8:14 of 2nd period - Stopped by Ondrej Pavelec without a rebound.
8:15 of 2nd period - Lars Eller wins face-off versus Marcus Kruger in Sabres zone.
8:38 of 2nd period - Shot by Kyle Palmieri.
8:38 of 2nd period - Stopped by Henrik Lundqvist without a rebound.
8:39 of 2nd period - Jimmy Hayes wins face-off versus Jacob Josefson in Canucks zone.
8:56 of 2nd period - Shot by Logan Couture.
8:56 of 2nd period - Stopped by Ondrej Pavelec without a rebound.
8:57 of 2nd period - Nazem Kadri wins face-off versus Claude Giroux in Sabres zone.
9:36 of 2nd period - Shot by Claude Giroux.
9:36 of 2nd period - Stopped by Ondrej Pavelec with a rebound.
10:26 of 2nd period - Shot by Jimmy Hayes.
10:26 of 2nd period - Stopped by Ondrej Pavelec without a rebound.
10:27 of 2nd period - Jacob Josefson wins face-off versus Marcus Kruger in Sabres zone.
10:36 of 2nd period - Shot by Ryan Strome.
10:36 of 2nd period - Deflect By Marcus Kruger.
10:36 of 2nd period - Stopped by Ondrej Pavelec without a rebound.
10:37 of 2nd period - Lars Eller wins face-off versus Evgeny Kuznetsov in Sabres zone.
10:37 of 2nd period - Lars Eller is hit by Reilly Smith.
10:40 of 2nd period - Icing by Braydon Coburn.
10:41 of 2nd period - Lars Eller wins face-off versus Marcus Kruger in Sabres zone.
10:56 of 2nd period - Shot by Kyle Palmieri.
10:56 of 2nd period - Stopped by Henrik Lundqvist without a rebound.
10:57 of 2nd period - Thomas Vanek wins face-off versus Claude Giroux in Canucks zone.
11:15 of 2nd period - Kyle Turris is hit by Erik Karlsson and loses puck.
11:20 of 2nd period - Shot by Gustav Nyquist.
11:20 of 2nd period - Deflect By Kyle Turris.
11:20 of 2nd period - Stopped by Henrik Lundqvist with a rebound.
11:22 of 2nd period - Shot by Kyle Turris.
11:22 of 2nd period - Shot Misses the Net.
11:24 of 2nd period - Shot by Gustav Nyquist.
11:24 of 2nd period - Stopped by Henrik Lundqvist without a rebound.
11:25 of 2nd period - Marcus Kruger wins face-off versus Nazem Kadri in Canucks zone.
11:25 of 2nd period - Marcus Kruger is hit by Nino Niederreiter.
12:07 of 2nd period - Marcus Kruger is hit by Braydon Coburn and loses puck.
12:08 of 2nd period - Minor Penalty to Braydon Coburn for Roughing.
12:09 of 2nd period - Daniel Winnik wins face-off versus Claude Giroux in Sabres zone.
12:24 of 2nd period - Shot by Ryan Johansen.
12:24 of 2nd period - Shot Misses the Net.
12:54 of 2nd period - Shot by Alex Pietrangelo.
12:54 of 2nd period - Stopped by Ondrej Pavelec with a rebound.
12:56 of 2nd period - Shot by Claude Giroux.
12:56 of 2nd period - Stopped by Ondrej Pavelec without a rebound.
12:57 of 2nd period - Evgeny Kuznetsov wins face-off versus Nazem Kadri in Sabres zone.
12:58 of 2nd period - Shot by Erik Karlsson.
12:58 of 2nd period - Shot Blocked by Nazem Kadri.
13:00 of 2nd period - Shot by Andrei Markov.
13:00 of 2nd period - Stopped by Ondrej Pavelec with a rebound.
13:12 of 2nd period - Shot by Erik Karlsson.
13:12 of 2nd period - Shot Blocked by Johnny Oduya.
13:40 of 2nd period - Shot by Evgeny Kuznetsov.
13:40 of 2nd period - Stopped by Ondrej Pavelec without a rebound.
13:41 of 2nd period - Daniel Winnik wins face-off versus Claude Giroux in Sabres zone.
13:41 of 2nd period - Daniel Winnik is hit by Claude Giroux.
14:04 of 2nd period - Shot by Logan Couture.
14:04 of 2nd period - Shot Misses the Net.
14:37 of 2nd period - Shot by Kyle Turris.
14:37 of 2nd period - Stopped by Henrik Lundqvist with a rebound.
14:39 of 2nd period - Shot by Gustav Nyquist.
14:39 of 2nd period - Shot Blocked by Andrei Markov.
14:41 of 2nd period - Shot by Kyle Turris.
14:41 of 2nd period - Stopped by Henrik Lundqvist with a rebound.
14:43 of 2nd period - Shot by Gustav Nyquist.
14:43 of 2nd period - Goal by Gustav Nyquist - Canucks : 3 - Sabres : 3.
14:44 of 2nd period - Evgeny Kuznetsov wins face-off versus Nazem Kadri in neutral zone.
15:16 of 2nd period - Shot by Brayden Schenn.
15:16 of 2nd period - Shot Misses the Net.
15:18 of 2nd period - Shot by Braydon Coburn.
15:18 of 2nd period - Stopped by Henrik Lundqvist without a rebound.
15:19 of 2nd period - Ryan Johansen wins face-off versus Lars Eller in Canucks zone.
15:19 of 2nd period - Ryan Johansen is hit by Daniel Winnik.
15:29 of 2nd period - Shot by Logan Couture.
15:29 of 2nd period - Stopped by Ondrej Pavelec without a rebound.
15:30 of 2nd period - Jacob Josefson wins face-off versus Claude Giroux in Sabres zone.
15:45 of 2nd period - Shot by Rasmus Ristolainen.
15:45 of 2nd period - Stopped by Henrik Lundqvist without a rebound.
15:46 of 2nd period - Nazem Kadri wins face-off versus Ryan Johansen in Canucks zone.
15:52 of 2nd period - Icing by Brent Burns.
15:53 of 2nd period - Nazem Kadri wins face-off versus Ryan Johansen in Canucks zone.
15:53 of 2nd period - Nazem Kadri is hit by Brent Burns.
15:55 of 2nd period - Shot by Brayden Schenn.
15:55 of 2nd period - Shot Misses the Net.
16:09 of 2nd period - Shot by Oliver Ekman-Larsson.
16:09 of 2nd period - Shot Misses the Net.
16:21 of 2nd period - Shot by Nazem Kadri.
16:21 of 2nd period - Shot Misses the Net.
16:40 of 2nd period - Icing by Johnny Oduya.
16:41 of 2nd period - Nazem Kadri wins face-off versus Phil Kessel in Sabres zone.
16:41 of 2nd period - Oliver Ekman-Larsson is hit by Adam Henrique and loses puck.
17:41 of 2nd period - Claude Giroux is hit by Kyle Palmieri and loses puck.
18:00 of 2nd period - Shot by Kyle Palmieri.
18:00 of 2nd period - Shot Blocked by Andrei Markov.
18:21 of 2nd period - Icing by Thomas Vanek.
18:22 of 2nd period - Ryan Johansen wins face-off versus Kyle Turris in Sabres zone.
18:34 of 2nd period - Ryan Johansen is hit by Rasmus Ristolainen and loses puck.
18:51 of 2nd period - Shot by Logan Couture.
18:51 of 2nd period - Shot Misses the Net.
19:02 of 2nd period - Off-side.
19:03 of 2nd period - Marcus Kruger wins face-off versus Brad Boyes in neutral zone.
19:19 of 2nd period - Chris Kreider is hit by Francois Beauchemin and loses puck.
19:58 of 2nd period - Shot by Nazem Kadri.
19:58 of 2nd period - Stopped by Henrik Lundqvist without a rebound.
19:59 of 2nd period - Lars Eller wins face-off versus Claude Giroux in Canucks zone.
Goals for this period are 1 for Canucks vs 2 for Sabres.
Shots for this period are 13 for Canucks vs 16 for Sabres.

3rd period


0:01 of 3rd period - Claude Giroux wins face-off versus Nazem Kadri in neutral zone.
1:14 of 3rd period - Simon Despres is hit by Johnny Oduya and loses puck.
1:33 of 3rd period - Shot by Ryan Johansen.
1:33 of 3rd period - Goal by Ryan Johansen - Canucks : 4 - Sabres : 3.
1:34 of 3rd period - Lars Eller wins face-off versus Evgeny Kuznetsov in neutral zone.
2:25 of 3rd period - Francois Beauchemin is hit by Matt Cooke and loses puck.
2:48 of 3rd period - Shot by Kyle Turris.
2:48 of 3rd period - Shot Misses the Net.
2:50 of 3rd period - Shot by Grant Clitsome.
2:50 of 3rd period - Stopped by Henrik Lundqvist without a rebound.
2:51 of 3rd period - Ryan Johansen wins face-off versus Jacob Josefson in Canucks zone.
2:55 of 3rd period - Minor Penalty to Jacob Josefson for Interference.
2:56 of 3rd period - Claude Giroux wins face-off versus Daniel Winnik in Sabres zone.
3:39 of 3rd period - Shot by Alex Pietrangelo.
3:39 of 3rd period - Shot Misses the Net.
3:41 of 3rd period - Shot by Alex Pietrangelo.
3:41 of 3rd period - Shot Misses the Net.
3:43 of 3rd period - Shot by Ryan Johansen.
3:43 of 3rd period - Shot Misses the Net.
3:59 of 3rd period - Shot by Erik Karlsson.
3:59 of 3rd period - Shot Misses the Net.
4:01 of 3rd period - Shot by Andrei Markov.
4:01 of 3rd period - Stopped by Ondrej Pavelec without a rebound.
4:02 of 3rd period - Nazem Kadri wins face-off versus Evgeny Kuznetsov in Sabres zone.
4:24 of 3rd period - Shot by Phil Kessel.
4:24 of 3rd period - Stopped by Ondrej Pavelec with a rebound.
4:26 of 3rd period - Shot by Andrei Markov.
4:26 of 3rd period - Stopped by Ondrej Pavelec without a rebound.
4:27 of 3rd period - Claude Giroux wins face-off versus Kyle Turris in Sabres zone.
4:47 of 3rd period - Claude Giroux is hit by Nazem Kadri and loses puck.
5:02 of 3rd period - Shot by Ryan Strome.
5:02 of 3rd period - Shot Misses the Net.
5:28 of 3rd period - Shot by Ryan Strome.
5:28 of 3rd period - Shot Misses the Net.
6:00 of 3rd period - Shot by Evgeny Kuznetsov.
6:00 of 3rd period - Stopped by Ondrej Pavelec without a rebound.
6:01 of 3rd period - Claude Giroux wins face-off versus Nazem Kadri in Sabres zone.
6:14 of 3rd period - Shot by Nazem Kadri.
6:14 of 3rd period - Shot Misses the Net.
6:26 of 3rd period - Shot by Nazem Kadri.
6:26 of 3rd period - Shot Blocked by Claude Giroux.
6:28 of 3rd period - Shot by Nazem Kadri.
6:28 of 3rd period - Shot Misses the Net.
6:29 of 3rd period - Minor Penalty to Simon Despres for Interference.
6:30 of 3rd period - Marcus Kruger wins face-off versus Nazem Kadri in Canucks zone.
6:36 of 3rd period - Icing by Nino Niederreiter.
6:37 of 3rd period - Marcus Kruger wins face-off versus Nazem Kadri in Sabres zone.
6:56 of 3rd period - Shot by Nazem Kadri.
6:56 of 3rd period - Shot Blocked by Alex Pietrangelo.
7:20 of 3rd period - Gustav Nyquist is hit by Marcus Kruger and loses puck.
7:36 of 3rd period - Thomas Vanek is hit by Brent Burns and loses puck.
7:56 of 3rd period - Icing by Rasmus Ristolainen.
7:57 of 3rd period - Kyle Turris wins face-off versus Marcus Kruger in Sabres zone.
8:33 of 3rd period - Kris Versteeg is hit by Simon Despres.
8:40 of 3rd period - Off-side.
8:41 of 3rd period - Claude Giroux wins face-off versus Lars Eller in neutral zone.
8:46 of 3rd period - Icing by Johnny Oduya.
8:47 of 3rd period - Lars Eller wins face-off versus Evgeny Kuznetsov in Sabres zone.
8:51 of 3rd period - Icing by Oliver Ekman-Larsson.
8:52 of 3rd period - Lars Eller wins face-off versus Marcus Kruger in Sabres zone.
8:54 of 3rd period - Icing by Daniel Winnik.
8:55 of 3rd period - Lars Eller wins face-off versus Ryan Johansen in Sabres zone.
8:55 of 3rd period - Oliver Ekman-Larsson is hit by Jimmy Hayes and loses puck.
9:39 of 3rd period - Off-side.
9:40 of 3rd period - Nazem Kadri wins face-off versus Claude Giroux in neutral zone.
9:47 of 3rd period - Shot by Nino Niederreiter.
9:47 of 3rd period - Shot Misses the Net.
9:49 of 3rd period - Shot by Nino Niederreiter.
9:49 of 3rd period - Stopped by Henrik Lundqvist with a rebound.
9:59 of 3rd period - Shot by Brayden Schenn.
9:59 of 3rd period - Shot Misses the Net.
10:18 of 3rd period - Nazem Kadri is hit by Simon Despres and loses puck.
10:52 of 3rd period - Ryan Strome is hit by Grant Clitsome and loses puck.
11:05 of 3rd period - Shot by Ryan Strome.
11:05 of 3rd period - Shot Misses the Net.
11:07 of 3rd period - Shot by Ryan Strome.
11:07 of 3rd period - Shot Blocked by Gustav Nyquist.
11:15 of 3rd period - Shot by Marcus Kruger.
11:15 of 3rd period - Stopped by Ondrej Pavelec without a rebound.
11:16 of 3rd period - Lars Eller wins face-off versus Ryan Johansen in Sabres zone.
11:49 of 3rd period - Shot by Daniel Winnik.
11:49 of 3rd period - Stopped by Henrik Lundqvist without a rebound.
11:50 of 3rd period - Evgeny Kuznetsov wins face-off versus Nazem Kadri in Canucks zone.
12:03 of 3rd period - Shot by Brayden Schenn.
12:03 of 3rd period - Shot Misses the Net.
12:26 of 3rd period - Shot by Brayden Schenn.
12:26 of 3rd period - Shot Misses the Net.
12:44 of 3rd period - Shot by Kris Versteeg.
12:44 of 3rd period - Deflect By Brad Boyes.
12:44 of 3rd period - Stopped by Henrik Lundqvist without a rebound.
12:45 of 3rd period - Lars Eller wins face-off versus Phil Kessel in Canucks zone.
12:56 of 3rd period - Shot by Lars Eller.
12:56 of 3rd period - Shot Misses the Net.
13:16 of 3rd period - Shot by Claude Giroux.
13:16 of 3rd period - Shot Misses the Net.
13:47 of 3rd period - Icing by Brent Burns.
13:48 of 3rd period - Nazem Kadri wins face-off versus Ryan Johansen in Canucks zone.
13:48 of 3rd period - Brayden Schenn is hit by Simon Despres and loses puck.
13:51 of 3rd period - Shot by Braydon Coburn.
13:51 of 3rd period - Shot Misses the Net.
14:14 of 3rd period - Shot by Brayden Schenn.
14:14 of 3rd period - Deflect By Nino Niederreiter.
14:14 of 3rd period - Stopped by Henrik Lundqvist with a rebound.
14:58 of 3rd period - Shot by Gustav Nyquist.
14:58 of 3rd period - Stopped by Henrik Lundqvist without a rebound.
14:59 of 3rd period - Claude Giroux wins face-off versus Jacob Josefson in Canucks zone.
15:10 of 3rd period - Shot by Kris Versteeg.
15:10 of 3rd period - Shot Misses the Net.
15:12 of 3rd period - Shot by Oliver Ekman-Larsson.
15:12 of 3rd period - Stopped by Henrik Lundqvist without a rebound.
15:13 of 3rd period - Lars Eller wins face-off versus Marcus Kruger in Canucks zone.
15:32 of 3rd period - Shot by Chris Kreider.
15:32 of 3rd period - Stopped by Ondrej Pavelec with a rebound.
16:10 of 3rd period - Shot by Phil Kessel.
16:10 of 3rd period - Stopped by Ondrej Pavelec without a rebound.
16:11 of 3rd period - Nazem Kadri wins face-off versus Ryan Johansen in Sabres zone.
16:11 of 3rd period - Nazem Kadri is hit by Jimmy Hayes.
16:24 of 3rd period - Icing by Alex Pietrangelo.
16:25 of 3rd period - Ryan Johansen wins face-off versus Kyle Turris in Canucks zone.
17:17 of 3rd period - Icing by Braydon Coburn.
17:18 of 3rd period - Phil Kessel wins face-off versus Kyle Turris in Sabres zone.
17:41 of 3rd period - Shot by Nazem Kadri.
17:41 of 3rd period - Stopped by Henrik Lundqvist without a rebound.
17:42 of 3rd period - Nazem Kadri wins face-off versus Marcus Kruger in Canucks zone.
17:46 of 3rd period - Icing by Andrei Markov.
17:47 of 3rd period - Nazem Kadri wins face-off versus Marcus Kruger in Canucks zone.
18:03 of 3rd period - Icing by Johnny Oduya.
18:04 of 3rd period - Claude Giroux wins face-off versus Nazem Kadri in Sabres zone.
18:17 of 3rd period - Shot by Nazem Kadri.
18:17 of 3rd period - Shot Misses the Net.
18:19 of 3rd period - Shot by Brayden Schenn.
18:19 of 3rd period - Shot Misses the Net.
19:14 of 3rd period - Sabres, Ondrej Pavelec is pulled from the net.
19:22 of 3rd period - Shot by Ryan Johansen.
19:22 of 3rd period - Deflect By Marcus Kruger.
19:22 of 3rd period - Goal by Marcus Kruger - Canucks : 5 - Sabres : 3.
19:22 of 3rd period - Ondrej Pavelec from Sabres was sent back in the game.
19:23 of 3rd period - Lars Eller wins face-off versus Ryan Johansen in neutral zone.
19:43 of 3rd period - Shot by Kyle Palmieri.
19:43 of 3rd period - Stopped by Henrik Lundqvist without a rebound.
19:44 of 3rd period - Jacob Josefson wins face-off versus Marcus Kruger in Canucks zone.
Goals for this period are 2 for Canucks vs 0 for Sabres.
Shots for this period are 9 for Canucks vs 9 for Sabres.